 Dungeon Crawl Stone Soup version 0.25-a0-161-gb7fd73d (webtiles) character file.

Game seed: 6020182066240934961, levelgen mode: deterministic

45 DrEnzyme the Covered (level 3, -1/27 HPs)
             Began as a Formicid Wanderer on Nov 21, 2019.
             Slain by an orc
             ... wielding a +2 whip of freezing
              (3 damage)
             ... on level 2 of the Dungeon.
             The game lasted 00:02:33 (1084 turns).

DrEnzyme the Covered (Formicid Wanderer)            Turns: 1084, Time: 00:02:33

Health: -1/27      AC:  2    Str: 15      XL:     3   Next: 90%
Magic:  3/3        EV: 11    Int: 11      God:
Gold:   55         SH:  0    Dex:  7 (12) Spells: 2/2 levels left

rFire    . . .     SeeInvis +   a - +2 spear
rCold    . . .     Gourm    .   (no shield)
rNeg     . . .     Faith    .   d - +0 robe
rPois    .         Spirit   .   (helmet unavailable)
rElec    .         Reflect  .   (no cloak)
rCorr    .         Harm     .   (no gloves)
MR       .....                  (no boots)
Stlth    +.........             (no amulet)
HPRegen  0.09/turn              (no ring)
MPRegen  0.08/turn              (no ring)

@: no status effects
A: permanent stasis, dig shafts and tunnels, four strong arms, antennae 3
a: Dig, Shaft Self


You were on level 2 of the Dungeon.
You were hungry.

You visited 1 branch of the dungeon, and saw 2 of its levels.

You collected 55 gold pieces.

Inventory:

Hand Weapons
 a - a +2 spear (weapon)
Armour
 d - a +0 robe (worn)
Jewellery
 e - a +2 ring of evasion {unknown}
Potions
 g - a potion of heal wounds {unknown}
 h - a potion of haste {unknown}
 i - a potion of brilliance {unknown}
 k - a potion of berserk rage {unknown}
Comestibles
 f - 3 rations


   Skills:
 * Level 1.7 Fighting
   Level 1.0(1.9) Axes
 + Level 2.5(2.6) Polearms
 * Level 5.1 Armour
 + Level 0.6 Dodging
 + Level 0.5 Stealth
   Level 1.2 Shields
   Level 1.1 Evocations


You had 2 spell levels left.
You didn't know any spells.
Your spell library was empty.

Dungeon Overview and Level Annotations

Branches:
Dungeon (2/15)

Altars:
Qazlal
Trog


Innate Abilities, Weirdness & Mutations

You cannot be hasted, slowed, berserked, paralysed or teleported.
You can dig through walls and to a lower floor.
Your four strong arms can wield two-handed weapons with a shield.
You have a pair of large antennae on your head. (SInv)


Message History

An orc comes into view. It is wielding a +2 whip of freezing.
You closely miss the orc. The orc closely misses you.
You hit the orc.
The orc is almost dead.
The orc hits you with a +1 war axe of flaming!
The orc burns you.
You closely miss the orc.
The orc hits you with a +2 whip of freezing.
The orc freezes you.
You hit the orc.
The orc is heavily wounded.
The orc hits you with a +2 whip of freezing.
The orc freezes you.
* * * LOW HITPOINT WARNING * * *
You completely miss the orc.
The orc is heavily wounded.
The orc hits you with a +2 whip of freezing.
* * * LOW HITPOINT WARNING * * *
The orc freezes you.
You die...

#########
#..o....#
#.#o#{#.#
#.#@#.# {
#...#.#
#..##.#
####.....#
#.....###...
#.....# . .
#.....#
#.....#
#.....#


You could see 2 orcs.

Vanquished Creatures
  A quasit (D:1)
  3 bats
  2 hobgoblins
  2 frilled lizards (D:2)
  2 kobolds
  6 rats
16 creatures vanquished.

Notes
Turn   | Place    | Note
-------+----------+-------------------------------------------
     0 | D:1      | DrEnzyme the Formicid Wanderer began the quest for the Orb.
     0 | D:1      | DrEnzyme set off with the following items: a +2 spear, a
                  | potion of lignification, a potion of curing, a +0 robe, a
                  | ration
     0 | D:1      | Reached XP level 1. HP: 15/15 MP: 1/1
     0 | D:1      | Found a bloodstained altar of Trog.
   367 | D:1      | Reached XP level 2. HP: 14/21 MP: 2/2
   576 | D:2      | Noticed a quasit
   687 | D:1      | Killed a quasit
   687 | D:1      | Reached skill level 5 in Armour
   687 | D:1      | Reached XP level 3. HP: 12/26 MP: 3/3
  1043 | D:2      | Found a stormy altar of Qazlal.
  1084 | D:2      | Slain by an orc

Levels and vault maps discovered:
D:1:      sevenhm_arrival_forest_fort_small_6, layout_rooms
D:2:      layout_loops_cross, nicolae_qazlal_general_emergency

Skill      XL: |  1  2 |
---------------+-------+-----
Armour         | 5 |  5.1
Fighting       | |  1.7
Axes           | |  1.0
Polearms       | |  2.5
Dodging        | |  0.6
Stealth        | |  0.5
Shields        | |  1.2
Evocations     | |  1.1

Action                   || total
-------------------------++-------
Melee: Spear             ||    81
  Use: Potion            ||     2
       Scroll            ||     1
 Stab: Sleeping          ||     3
Armor: Robe              ||    17
       Skin              ||    75
Dodge: Dodged            ||    56

Table legend:
 A = Non-vault XP
 B = Vault XP
 C = Vault XP percentage of total XP
 D = Non-vault monster count
 E = Vault monster count
 F = Vault count percentage of total count
                 A         B        C        D         E       F
            +---------+---------+-------+---------+---------+-------
      Total |      65 |       0 |   0.0 |      16 |       0 |   0.0
            +---------+---------+-------+---------+---------+-------
        D:1 |      55 |       0 |   0.0 |       8 |       0 |   0.0
        D:2 |      10 |       0 |   0.0 |       8 |       0 |   0.0
            +---------+---------+-------+---------+---------+-------
